Map: Overgrown Facility

Players

Myk

  • Race: Zerg Zerg
  • Spawn Location: 7:00

CerealKiller

  • Race: Terran Terran
  • Spawn Location: 9:00

Ferrari - Winner!

  • Race: Zerg Zerg
  • Spawn Location: 3:00

Adversity - Winner!

  • Race: Terran Terran
  • Spawn Location: 1:00

VOD

Have the link to the VOD?

Description

Time

  • Played on: July 18, 2018, 11:22 a.m.
  • Length: 4:45
Show
View Real Time Build Order
Export as new Build Order

Myk Zerg 

Build Orders: Hatch First 

Get SALT Encoding   

  12  0:02  Drone  
  13  0:14  Overlord  
  13  0:23  Drone  
  14  0:32  Drone x2  
  16  0:41  Drone  
  17  0:55  Hatchery  
  16  0:59  Drone  
  17  1:12  Spawning Pool  
  17  1:14  Drone  
  17  1:20  Extractor  
  16  1:29  Drone  
  17  1:42  Drone  
  18  1:56  Overlord  
  18  1:57  Drone x2  
  20  2:04  Queen  
  20  2:07  Queen  
  24  2:13  Zergling x4  
  26  2:17  Drone  
  26  2:18  Drone  
  28  2:27  Metabolic Boost  
  28  2:35  Zergling x4  
  30  2:55  Queen x2  
  34  3:00  Zergling x4  
  36  3:06  Evolution Chamber  
  35  3:26  Overlord  
  34  3:30  Zergling x2  
  34  3:32  Overlord  
  35  3:38  Baneling Nest  
  35  3:40  Hatchery  
  33  3:48  Zergling x12  
  33  3:49  Zergling x4  
  33  3:50  Zergling x2  
  41  3:57  Zergling x2  
  41  4:02  Zergling x8  
  46  4:09  Zergling x4  
  46  4:26  Baneling x2  
Show
View Real Time Build Order
Export as new Build Order

CerealKiller Terran 

Build Orders:  

Get SALT Encoding   

  12  0:01  SCV  
  13  0:13  SCV  
  14  0:25  Supply Depot, SCV  
  15  0:47  SCV  
  15  0:49  Barracks  
  16  0:52  Refinery  
  16  0:59  SCV  
  17  1:11  SCV  
  18  1:23  SCV  
  19  1:35  SCV  
  19  1:36  Reaper  
  21  1:42  Command Center  
  21  1:48  Orbital Command  
  21  1:59  Supply Depot  
  21  2:03  Refinery  
  21  2:14  SCV, Barracks Reactor  
  22  2:31  Factory  
  22  2:33  SCV  
  23  2:45  SCV  
  23  2:51  Marine x2  
  25  2:57  SCV  
  25  2:58  SCV  
  17  3:26  Marine x2  
  9  3:35  Cyclone  
  7  3:44  Marine x2  
Show
View Real Time Build Order
Export as new Build Order

Ferrari Zerg - Winner!

Build Orders: Hatch First 

Get SALT Encoding   

  12  0:01  Drone  
  13  0:14  Overlord  
  13  0:18  Drone  
  14  0:33  Drone  
  14  0:34  Drone  
  16  0:41  Drone  
  17  0:56  Hatchery  
  16  1:01  Drone  
  17  1:09  Extractor  
  16  1:14  Spawning Pool  
  16  1:17  Drone  
  16  1:21  Drone  
  17  1:27  Drone  
  17  1:31  Drone  
  19  1:41  Overlord  
  19  2:04  Queen  
  19  2:05  Zergling x2  
  19  2:06  Drone  
  23  2:09  Drone  
  23  2:12  Queen  
  26  2:16  Metabolic Boost  
  25  2:38  Zergling x2  
  25  2:40  Zergling x2  
  26  2:47  Zergling x4  
  26  2:48  Drone, Overlord  
  26  2:50  Drone  
  30  2:59  Zergling x2  
  30  3:05  Zergling x2  
  32  3:08  Zergling x2  
  32  3:12  Zergling x2  
  34  3:13  Overlord  
  34  3:24  Overlord, Zergling x2  
  34  3:25  Hatchery  
  34  3:26  Drone  
  35  3:33  Baneling Nest  
  34  3:38  Zergling x2  
  34  3:39  Zergling x2  
  34  3:40  Zergling x2  
  36  4:02  Zergling x8  
  38  4:12  Zergling x4  
  38  4:15  Zergling x2  
  38  4:16  Zergling x4  
  38  4:17  Drone x3  
Show
View Real Time Build Order
Export as new Build Order

Adversity Terran - Winner!

Build Orders:  

Get SALT Encoding   

  12  0:01  SCV  
  13  0:13  SCV  
  14  0:18  Supply Depot  
  14  0:25  SCV  
  15  0:33  Refinery  
  15  0:40  SCV  
  16  0:53  Barracks  
  16  0:54  SCV  
  17  1:06  SCV  
  17  1:09  Barracks  
  18  1:18  SCV  
  19  1:25  Barracks  
  19  1:42  Reaper, Orbital Command  
  20  1:50  Supply Depot  
  20  1:56  Reaper  
  20  1:58  Refinery  
  21  2:08  SCV  
  21  2:14  Reaper x2  
  24  2:17  Supply Depot  
  24  2:22  SCV  
  25  2:32  Reaper  
  25  2:34  SCV  
  27  2:46  Reaper  
  27  2:47  Reaper  
  29  3:04  Reaper  
  30  3:12  Command Center  
  30  3:18  Reaper  
  32  3:20  Reaper  
  32  3:26  SCV  
  33  3:36  Reaper  
  33  3:41  SCV  
  35  3:44  Barracks  
  35  3:46  Barracks  
  35  3:50  Reaper  
  35  3:53  Reaper, SCV  
  38  4:08  Reaper  
  39  4:11  Supply Depot  
  39  4:23  SCV  
  40  4:26  SCV  
Tags
 
Add a new tag
Caveats
  • Supply blocks, unpowered buildings, or Contaminate may cause inaccurate times.
  • Supply counts are checked every 10 seconds.